 Dungeon Crawl Stone Soup version 0.19.5 (webtiles) character file.

598 Kisielow the Infuser (level 7, -1/36 HPs)
             Began as a Deep Elf Conjurer on May 12, 2017.
             Slain by an adder skeleton (3 damage)
             ... on level 4 of the Dungeon.
             The game lasted 00:12:48 (4427 turns).

Kisielow the Infuser (Deep Elf Conjurer)            Turns: 4427, Time: 00:12:49

Health: -1/36      AC:  3    Str:  5    XL:     7   Next: 17%
Magic:  1/13       EV: 18    Int: 22    God:
Gold:   127        SH:  0    Dex: 20    Spells: 3 memorised, 4 levels left

rFire  + . .     SeeInvis .     k - +0 club
rCold  x . .     Gourm    .     a - +1 robe
rNeg   . . .     Faith    .     (no shield)
rPois  .         Spirit   .     (no helmet)
rElec  .         Reflect  .     (no cloak)
rCorr  .         Harm     .     (no gloves)
MR     .....                    (no boots)
Stlth  +++.......               (no amulet)
                                (no ring)
                                i - ring of fire

@: agile
A: no striking features
a: no special abilities


You were on level 4 of the Dungeon.
You were not hungry.

You visited 1 branch of the dungeon, and saw 4 of its levels.

You collected 127 gold pieces.

Inventory:

Hand Weapons
 k - a +0 club (weapon)
Armour
 a - a +1 robe (worn)
Jewellery
 i - a ring of fire (left hand)
 j - an uncursed amulet of guardian spirit
Scrolls
 d - a scroll of enchant armour
 e - 3 scrolls of remove curse
 f - 3 scrolls of identify {unknown}
 g - a scroll of recharging {unknown}
 m - a scroll of teleportation
 o - a scroll of immolation {unknown}
Potions
 h - a potion of flight
 n - a potion of agility
Books
 b - a book of Conjurations

   Spells                             Type                      Level
   a - Magic Dart                     Conjuration                  1
   b - Searing Ray                    Conjuration                  2
   c - Dazzling Spray                 Conjuration/Hexes            3
   d - Fulminant Prism                Conjuration/Hexes            4
   e - Iskenderun's Mystic Blast      Conjuration                  4
   f - Iskenderun's Battlesphere      Conjuration/Charms           5
Comestibles
 c - 3 bread rations
 l - 2 meat rations


   Skills:
 - Level 2.4 Dodging
 - Level 2.4 Stealth
 - Level 3.0 Spellcasting
 - Level 7.0 Conjurations
 * Level 8.3 Charms


You had 4 spell levels left.
You knew the following spells:

 Your Spells              Type           Power        Failure   Level  Hunger
a - Magic Dart            Conj           ####         1%          1    None
b - Searing Ray           Conj           ####..       1%          2    ##.....
q - Iskenderun's Battles  Conj/Chrm      #####...     17%         5    ######.


Dungeon Overview and Level Annotations

Branches:
Dungeon (4/15)
 Temple: D:4-7

Altars:
Elyvilon
Trog
Xom


Message History

Aim: an adder skeleton (moderately damaged)
The magic dart hits the adder skeleton.
The adder skeleton is heavily damaged.
The adder skeleton barely misses you.
Casting: Magic Dart
Confirm with . or Enter, or press ? or * to list all spells.
Aiming: Magic Dart
Press: ? - help, Shift-Dir - straight line, f/p - adder skeleton
Aim: an adder skeleton (heavily damaged)
The magic dart hits the adder skeleton.
The adder skeleton is severely damaged.
The adder skeleton closely misses you.
You barely miss the adder skeleton.
The adder skeleton is severely damaged.
The adder skeleton closely misses you.
The adder skeleton completely misses you.
You barely miss the adder skeleton.
The adder skeleton is severely damaged.
The adder skeleton bites you.
You die...

#.#........#.#
#.#........#.#
#.#........#.#
#.#..........#
#.###...##.###
#.##.....#.# .
#.##.....'.#
....####.##..[..###
.....†Z@.##.....#
....#######.....# #
#.....# #.....#
#######


You could see an adder skeleton.

Vanquished Creatures
  A phantom (D:4)
  The ghost of CALLOUS the Ducker, an amateur HaCj (D:3)
  A howler monkey (D:4)
  2 crimson imps (D:3)
  2 orc priests (D:4)
  A hound (D:4)
  Natasha (thrice) (D:2 D:4)
  Terence (D:2)
  Robin (D:2)
  4 adders
  3 worms (D:2)
  A dart slug (D:2)
  2 leopard geckos (D:2)
  2 orcs (D:4)
  2 ball pythons
  9 bats
  5 giant cockroaches
  14 goblins
  11 hobgoblins
  6 jackals (D:1)
  8 kobolds
  4 frilled lizards
  12 rats
96 creatures vanquished.

Notes
Turn   | Place    | Note
-------+----------+-------------------------------------------
     0 | D:1      | Kisielow the Deep Elf Conjurer began the quest for the Orb.
     0 | D:1      | Reached XP level 1. HP: 10/10 MP: 6/6
   175 | D:1      | Reached XP level 2. HP: 15/15 MP: 6/8
   252 | D:1      | Reached skill level 5 in Conjurations
   308 | D:1      | Learned a level 2 spell: Searing Ray
   540 | D:1      | Reached XP level 3. HP: 19/19 MP: 1/9
  1166 | D:2      | Noticed Natasha
  1177 | D:2      | Killed Natasha
  1177 | D:2      | Reached XP level 4. HP: 24/24 MP: 6/10
  1205 | D:2      | Noticed Terence
  1209 | D:2      | Killed Terence
  1250 | D:2      | Noticed Natasha
  1255 | D:2      | Killed Natasha
  1255 | D:2      | Reached XP level 5. HP: 28/28 MP: 6/11
  1378 | D:2      | Learned a level 5 spell: Iskenderun's Battlesphere
  1442 | D:2      | Noticed a moth of wrath
  1445 | D:2      | Found a bloodstained altar of Trog.
  1671 | D:2      | Reached skill level 1 in Charms
  1889 | D:2      | Noticed Robin
  1915 | D:2      | Reached skill level 2 in Charms
  2437 | D:2      | Killed Robin
  2663 | D:3      | Noticed CALLOUS's ghost (amateur HaCj)
  2776 | D:3      | Killed CALLOUS's ghost
  2776 | D:3      | Reached skill level 4 in Charms
  2855 | D:3      | Found a shimmering altar of Xom.
  2861 | D:3      | Reached skill level 5 in Charms
  2861 | D:3      | Reached XP level 6. HP: 29/32 MP: 6/12
  3970 | D:4      | Reached skill level 6 in Charms
  4019 | D:4      | Found a white marble altar of Elyvilon.
  4162 | D:4      | Reached skill level 7 in Charms
  4392 | D:4      | Noticed Natasha
  4397 | D:4      | Reached XP level 7. HP: 36/36 MP: 8/13
  4398 | D:4      | Killed Natasha
  4403 | D:4      | Reached skill level 8 in Charms
  4417 | D:4      | HP: 1/36 [adder skeleton (2)]
  4427 | D:4      | Slain by an adder skeleton

Skill      XL: |  1  2  3  4  5  6  7 |
---------------+----------------------+-----
Conjurations   | 5 6 7 |  7.0
Charms         | 5 7 8 |  8.3
Dodging        | |  2.4
Stealth        | |  2.4
Spellcasting   | |  3.0

Action                   |  1- 3 |  4- 6 |  7- 9 || total
-------------------------+-------+-------+-------++-------
Melee: Unarmed           |     2 |       |       ||     2
       Club              |       |    43 |    18 ||    61
 Cast: Magic Dart        |    84 |    87 |     3 ||   174
       Searing Ray       |       |    15 |     2 ||    17
  Use: Potion            |       |     3 |     1 ||     4
       Scroll            |       |     3 |       ||     3
  Eat: Chunk             |     1 |     4 |       ||     5
       Bread ration      |       |     1 |       ||     1
       Beef jerky        |       |     1 |       ||     1
Armor: Robe              |     1 |    27 |     4 ||    32
Dodge: Dodged            |     8 |    71 |    14 ||    93
